 Dungeon Crawl Stone Soup version 0.28.0-45-g0d030f2227 (webtiles) character file.

Game seed: 11508699557289687317

1626850 maxonian the Slayer (level 25, 129/249 HPs)
             Began as a Minotaur Chaos Knight on Apr 9, 2022.
             Was a Favourite Plaything of Xom.
             Escaped with the Orb
             ... and 3 runes!
             The game lasted 04:23:55 (70841 turns).

maxonian the Slayer (Minotaur Chaos Knight)        Turns: 70841, Time: 04:23:55

Health: 129/249    AC: 40    Str: 24      XL:     25   Next: 69%
Magic:  10/22      EV: 20    Int: 12 (13) God:    Xom [...*..]
Gold:   5924       SH: 26    Dex: 26      Spells: 24/24 levels left

rFire   + + .      SeeInvis +   a - +10 broad axe "Hem Lewo" {flame, +Blink rC+}
rCold   + + +      Faith    .   W - +0 kite shield of the Twenty Beasts {rElec Regen+ rCorr Int+2}
rNeg    . . .      Spirit   .   j - +6 gold dragon scales
rPois   +          Reflect  +   (helmet unavailable)
rElec   +          Harm     .   s - +2 cloak
rCorr   +          Rampage  +   H - +2 pair of gloves {Stlth+}
Will    ++...                   Q - +2 pair of boots {rampage}
Stlth   ..........              A - amulet of reflection
HPRegen 1.31/turn               F - +4 ring of slaying
MPRegen 0.18/turn               G - ring of Imbalance {god gift, Ice rPois rCorr Dex+3 SInv}

@: hasted, studying 3 skills, very quick
A: horns 3, retaliatory headbutt, iridescent scales 3, large bone plates 1, thin
skeletal structure 2, agile 1, clever 1, cold resistance 1, deformed body,
deterioration 1, fire resistance 2, strong-willed 1, sense surroundings 3,
strong 1, wild magic 2, inability to read while threatened, MP-powered wands,
sturdy frame 2, noise suppression
0: Orb of Zot
}: 3/15 runes: barnacled, silver, gossamer
a: Renounce Religion, Evoke Blink


You escaped.
You worshipped Xom.
You were a favourite toy of Xom.
You visited 9 branches of the dungeon, and saw 46 of its levels.
You also visited: Gauntlet.

You collected 8313 gold pieces.
You spent 2389 gold pieces at shops.

Inventory:

Hand Weapons
 a - the +10 broad axe "Hem Lewo" (weapon) {flame, +Blink rC+}
   (You found it on level 1 of the Vaults)

   It burns those it strikes, dealing additional fire damage.
   Big, fiery blades are also staple armaments of hydra-hunters.
   rC:        It protects you from cold.
   +Blink:    It lets you blink.
 b - a +9 fustibalus of venom
   (You took it off a vault warden on level 5 of the Vaults)
 q - a +4 scimitar of holy wrath
   (You bought it in a shop on level 2 of the Orcish Mines)
Missiles
 f - 5 silver javelins (quivered)
 m - 1653 stones
 u - 11 javelins
 I - 4 atropa-tipped darts
 L - 40 sling bullets
 S - 10 throwing nets
Armour
 j - +6 gold dragon scales (worn)
   (You found it on level 5 of the Vaults)
 s - a +2 cloak (worn)
   (You found it on level 2 of the Dungeon)
 H - a +2 pair of gloves of stealth (worn)
   (You found it on level 4 of the Spider Nest)
 Q - a +2 pair of boots of rampaging (worn)
   (You found it on level 2 of the Realm of Zot)
 W - the +0 kite shield of the Twenty Beasts (worn) {rElec Regen+ rCorr Int+2}
   (You bought it in a shop on level 2 of the Orcish Mines)

   Int:       It affects your intelligence (+2).
   rElec:     It insulates you from electricity.
   Regen:     It increases your rate of health regeneration.
   rCorr:     It protects you from acid and corrosion.
Jewellery
 h - a ring of protection from cold
   (You found it on level 1 of the Dungeon)
 n - the ring of Eternal Night {rN++ Will+}
   (You found it in a Gauntlet)

   [ring of willpower]

   rN:        It greatly protects you from negative energy.
   Will:      It increases your willpower.
 o - the amulet "Xoxyis" {Spirit rElec Regen+ Int+4}
   (You took it off a merfolk on level 4 of the Shoals)

   [amulet of guardian spirit]

   It causes incoming damage to be divided between your reserves of health and
   magic.
   Int:       It affects your intelligence (+4).
   rElec:     It insulates you from electricity.
   Regen:     It increases your rate of health regeneration.
 A - an amulet of reflection (around neck)
   (You bought it in a shop on level 1 of the Vaults)
 F - a +4 ring of slaying (left hand)
   (You found it on level 2 of the Vaults)
 G - the ring of Imbalance (right hand) {god gift, Ice rPois rCorr Dex+3 SInv}
   (Xom gifted it to you on level 13 of the Dungeon)

   [ring of ice]

   It enhances your ice magic.
   Dex:       It affects your dexterity (+3).
   rF:        It makes you vulnerable to fire.
   rC:        It protects you from cold.
   rPois:     It protects you from poison.
   SInv:      It lets you see invisible.
   rCorr:     It protects you from acid and corrosion.
 P - a ring of protection from fire
   (You found it in a Gauntlet)
 V - a ring of flight
   (You found it on level 6 of the Lair of Beasts)
Wands
 v - a wand of digging (16)
   (You took it off Ijyb on level 3 of the Dungeon)
 D - a wand of iceblast (24)
   (You found it on level 4 of the Dungeon)
 Z - a wand of acid (9)
   (You found it in a Gauntlet)
Scrolls
 d - 7 scrolls of fog
 i - 8 scrolls of holy word
 k - 26 scrolls of teleportation
 l - 2 scrolls of blinking {god gift}
 y - 6 scrolls of immolation
 z - 8 scrolls of fear
 E - 3 scrolls of silence {god gift}
 M - a scroll of summoning
Potions
 c - a potion of resistance
 e - 4 potions of haste
 g - 9 potions of curing
 p - 9 potions of cancellation
 r - 3 potions of berserk rage
 w - 10 potions of flight
 x - 2 potions of might
 C - 5 potions of attraction
 J - 8 potions of mutation
 O - 5 potions of invisibility
 R - 5 potions of magic
 T - a potion of heal wounds
 U - 6 potions of lignification
 Y - 14 potions of ambrosia
Miscellaneous
 N - a phantom mirror
   (You found it on level 6 of the Lair of Beasts)
 X - a box of beasts
   (You found it on level 5 of the Vaults)


   Skills:
 - Level 25.0 Fighting
 - Level 20.1 Long Blades
 + Level 24.5(24.8) Axes
 - Level 6.3(17.3) Maces & Flails
 - Level 14.0(15.4) Slings
 + Level 10.0(12.8) Throwing
 - Level 20.0 Armour
 - Level 19.0 Dodging
 - Level 19.0 Shields
 - Level 10.0 Evocations


You had 24 spell levels left.
You didn't know any spells.
Your spell library contained the following spells:

 Spells                   Type           Power      Damage    Failure   Level
 Animate Skeleton         Necr           0%         N/A       99%         1
 Apportation              Tloc           0%         N/A       99%         1
 Beastly Appendage        Tmut           0%         N/A       99%         1
 Foxfire                  Conj/Fire      0%         2x1d4     99%         1
 Magic Dart               Conj           0%         1d3       99%         1
 Pain                     Necr           0%         1d4       99%         1
 Sandblast                Erth           0%         2d4       99%         1
 Sting                    Tmut/Pois      0%         1d3       99%         1
 Summon Small Mammal      Summ           0%         N/A       99%         1
 Blink                    Tloc           0%         N/A       100%        2
 Call Imp                 Summ           0%         N/A       100%        2
 Corpse Rot               Necr/Air       0%         N/A       100%        2
 Ensorcelled Hibernation  Hex/Ice        0%         N/A       100%        2
 Passwall                 Tmut/Erth      0%         N/A       100%        2
 Poisonous Vapours        Pois/Air       0%         N/A       100%        2
 Static Discharge         Conj/Air       0%         N/A       100%        2
 Wereblood                Tmut           0%         N/A       100%        2
 Dazzling Flash           Conj/Hex       0%         N/A       100%        3
 Gell's Gravitas          Tloc           0%         N/A       100%        3
 Inner Flame              Hex/Fire       0%         N/A       100%        3
 Mephitic Cloud           Conj/Pois/Air  0%         N/A       100%        3
 Portal Projectile        Hex/Tloc       0%         N/A       100%        3
 Spider Form              Tmut/Pois      0%         N/A       100%        3
 Stone Arrow              Conj/Erth      0%         3d7       100%        3
 Tukima's Dance           Hex            0%         N/A       100%        3
 Vampiric Draining        Necr           0%         2d6       100%        3
 Anguish                  Hex/Necr       0%         N/A       100%        4
 Animate Armour           Summ/Erth      0%         N/A       100%        4
 Cause Fear               Hex            0%         N/A       100%        4
 Dispel Undead            Necr           0%         3d6       100%        4
 Hailstorm                Conj/Ice       0%         3d3       100%        4
 Ice Form                 Ice/Tmut       0%         N/A       100%        4
 Iskenderun's Mystic Bla  Conj/Tloc      0%         2d3       100%        4
 Leda's Liquefaction      Hex/Erth       0%         N/A       100%        4
 Olgreb's Toxic Radiance  Pois           0%         N/A       100%        4
 Passage of Golubria      Tloc           0%         N/A       100%        4
 Petrify                  Tmut/Erth      0%         N/A       100%        4
 Sticky Flame             Conj/Fire      0%         2d3       100%        4
 Summon Ice Beast         Ice/Summ       0%         N/A       100%        4
 Summon Lightning Spire   Summ/Air       0%         N/A       100%        4
 Agony                    Necr           0%         N/A       100%        5
 Blade Hands              Tmut           0%         N/A       100%        5
 Borgnjor's Vile Clutch   Necr/Erth      0%         N/A       100%        5
 Excruciating Wounds      Necr           0%         N/A       100%        5
 Fireball                 Conj/Fire      0%         3d3       100%        5
 Iskenderun's Battlesphe  Conj           0%         2d6       100%        5
 Lee's Rapid Deconstruct  Erth           0%         3d5*      100%        5
 Manifold Assault         Tloc           0%         N/A       100%        5
 Summon Forest            Summ/Tloc      0%         N/A       100%        5
 Summon Mana Viper        Hex/Summ       0%         N/A       100%        5
 Yara's Violent Unravell  Hex/Tmut       0%         3d3       100%        5
 Death Channel            Necr           0%         N/A       100%        6
 Dispersal                Tloc           0%         N/A       100%        6
 Iron Shot                Conj/Erth      0%         9d1       100%        6
 Simulacrum               Ice/Necr       0%         N/A       100%        6
 Starburst                Conj/Fire      0%         6d3       100%        6
 Statue Form              Tmut/Erth      0%         N/A       100%        6
 Malign Gateway           Summ/Tloc      0%         N/A       100%        7
 Monstrous Menagerie      Summ           0%         N/A       100%        7
 Ozocubu's Refrigeration  Ice            0%         4d5       100%        7
 Spellforged Servitor     Conj/Summ      0%         N/A       100%        7
 Storm Form               Tmut/Air       0%         N/A       100%        7
 Borgnjor's Revivificati  Necr           0%         N/A       100%        8
 Discord                  Hex            0%         N/A       100%        8
 Disjunction              Tloc           0%         N/A       100%        8
 Ignition                 Fire           0%         3d3       100%        8
 Necromutation            Tmut/Necr      0%         N/A       100%        8
 Death's Door             Necr           0%         N/A       100%        9
 Shatter                  Erth           0%         3d5*      100%        9


Dungeon Overview and Level Annotations

Branches:
Dungeon (15/15)            Temple (1/1) D:6            Lair (6/6) D:11
 Shoals (4/4) Lair:3       Spider (4/4) Lair:3        Slime (0/5) Lair:6
    Orc (2/2) D:10            Elf (0/3) Orc:2        Vaults (5/5) D:13
  Crypt (0/3) Vaults:3     Depths (4/4) D:15            Zot (5/5) Depths:4
Gauntlet (visited)

Altars:
Cheibriados
Elyvilon
Fedhas
Gozag
Okawaru
Qazlal
Ru
Sif Muna
Trog
Vehumet
Wu Jian
Xom
Yredelemnul
Zin
Lugonu

Shops:
Orc:1 *   Orc:2 ([:[[   Shoals:1 =   Shoals:4 [   Vaults:1 =   Depths:2 *

Portals:
Hell: Depths:1 Depths:2 Depths:3 Depths:4
Abyss: D:11 Depths:3 Depths:4
Pandemonium: Depths:1 Depths:2
Ziggurat: Depths:3

Annotations:
D:5 exclusion: downstairs
D:6 1 exclusion
D:7 exclusion: downstairs
D:11 2 transporters, Tali's ghost, journeyman DsBe
Shoals:2 Roxanne
Depths:3 exclusion: orange crystal statue
Zot:3 1 runed translucent door, Netemen's ghost, master GnFi


Innate Abilities, Weirdness & Mutations

You have a pair of large horns on your head.
You reflexively headbutt those who attack you in melee.
You are completely covered in iridescent scales. (AC +6)
You are partially covered in large bone plates. (SH +4)
You have a moderately thin skeletal structure. (Dex +4, Stealth++)
You are agile. (Dex +2)
Your mind is acute. (Int +2)
Your flesh is cold resistant. (rC+)
Armour fits poorly on your strangely shaped body.
Your body sometimes deteriorates upon taking damage.
Your flesh is very heat resistant. (rF++)
You are strong-willed. (Will+)
You passively map a large area around you.
Your muscles are strong. (Str +2)
Your spells are harder to cast, but more powerful.
You sometimes lose the ability to read scrolls when taking damage.
You expend magic power (3 MP) to strengthen your wands.
Your movements are less encumbered by armour. (ER -4)
You passively dampen the noise of your surroundings.


Message History

You can't see that place. [a rock wall.]
You feel a surge of power!
The rock shatters into small pieces.
A red devil comes into view.
It is wielding a +0 demon trident of freezing.
Aiming: Dig
Press: ? - help, Shift-Dir - straight line You can't see that place. [a rock wall.]
You feel a surge of power!
The rock shatters into small pieces.
Press: ? - help, v - describe, . - travel
Here: a red devil, wielding a +0 demon trident of freezing The floor.
There is a stone staircase leading up here.
You block the red devil's attack.
You climb upwards.
There is a stone staircase leading down here.
There is a stone staircase leading up here.
You climb upwards.
There is a stone staircase leading down here.
There is an open door here.
You see here a +0 robe.
There is an open door here.
There is a stone staircase leading up here.
You climb upwards.
There is a stone staircase leading down here.
You feel yourself speed up.
Aiming: Dig
Press: ? - help, Shift-Dir - straight line A rock wall.
This square is covered in magical glow.
You feel a surge of power!
The rock shatters into small pieces.
Aiming: Dig
Press: ? - help, Shift-Dir - straight line You can't see that place.
You feel a surge of power!
The rock shatters into small pieces.
Aiming: Dig
Press: ? - help, Shift-Dir - straight line You can't see that place. [a rock wall.]
You feel a surge of power!
The rock shatters into small pieces.
An Ice Fiend comes into view.
The Ice Fiend calls on the powers of darkness!
Your body is wracked with pain!
There is an open door here.
Unknown command.
There is a staircase leading out of the dungeon here.
Unknown command.
The Ice Fiend gestures at you.
The bolt of cold hits you but does no damage.
You have escaped!

#.........#### #.############
#####.............
#.....###########. #.##..# #.
#.##..# #. ##################.#
## #.........##.....### #
#.#######.#...@...########## #
#.# #..##.....##........# # ##.#
##.####'###.#######.# #..#
####...1.### #.# #.##
####.........#### #.# #.#
#.'.....8.....+.# #.# #.#
#.##.........##.# #.# #.#
#..###......##..# #.#
#.#######...#######.#.#####.####


You could see an Ice Fiend.

Vanquished Creatures
  3 dread liches
  3 ancient liches (Zot:5)
  3 orbs of fire
  2 juggernauts (Depths:4)
  A Killer Klown (Zot:4)
  Margery (Vaults:5)
  Bai Suzhen (Shoals:3)
  3 curse toes
  8 golden dragons
  Nikola (Vaults:1)
  2 electric golems (Zot:5)
  2 bone dragons
  A Brimstone Fiend (Depths:4)
  Jorgrun (D:15)
  15 tentacled monstrosities
  4 quicksilver dragons
  27 Orb Guardians
  2 liches (Depths:4)
  A walking divine tome (Depths:4)
  9 titans
  Polyphemus (Shoals:2)
  A walking earthen tome (Depths:3)
  9 death cobs
  Gastronok (D:8)
  7 sphinxes
  9 shadow dragons
  7 tengu reavers
  7 storm dragons
  8 draconian knights
  4 fire giants
  5 frost giants
  Ilsuiw (Shoals:1)
  19 vault wardens
  7 draconian monks
  2 emperor scorpions (Spider:4)
  Aizul (Depths:1)
  A draconian stormcaller (Zot:5)
  7 draconian scorchers
  10 ghost moths
  5 draconian shifters
  3 orc warlords
  A draconian annihilator (Zot:4)
  A quicksilver ooze (Vaults:1)
  16 stone giants
  5 ironbound thunderhulks
  6 broodmothers
  30 very ugly things
  4 war gargoyles
  3 demonspawn black suns (Zot:1)
  A broodmother (shapeshifter) (D:15)
  A lorocyproca (D:5)
  26 ironbound preservers
  2 vampire knights
  10 green draconians
  A deep elf demonologist (Vaults:5)
  11 white draconians
  7 yellow draconians
  13 black draconians
  A minotaur (Gauntlet)
  2 dire elephants
  7 entropy weavers
  14 spark wasps
  5 purple draconians
  18 ettins
  3 deep elf death magi
  Snorg (D:10)
  7 red draconians
  8 merfolk impalers
  3 merfolk javelineers
  4 deep elf high priests
  8 fire dragons
  6 great orbs of eyes
  11 yaktaur captains
  2 peacekeepers
  4 ice dragons (Depths:4)
  6 hydras
  Harold (D:8)
  3 rakshasas
  3 ogre magi
  A spriggan air mage (Depths:2)
  36 vault guards
  10 boulder beetles
  10 centaur warriors
  11 ironbound frosthearts
  Erica (D:9)
  3 merfolk avatars
  2 catoblepae
  A merfolk aquamancer (Shoals:4)
  3 satyrs
  5 tengu warriors
  17 death yaks
  16 two-headed ogres
  6 deep troll shamans
  An orc high priest (Orc:2)
  7 deep troll earth magi
  14 hell knights
  A titan skeleton (Vaults:1)
  2 spriggan berserkers
  Sonja (Lair:2)
  3 spriggans (Depths:2)
  A sun demon (Depths:3)
  Nergalle (Lair:2)
  9 iron trolls
  2 pharaoh ants
  4 sun moths
  5 skeletal warriors
  A sixfirhy (D:13)
  8 steelbarb worms
  14 sea snakes
  82 deep trolls
  A deep elf archer (Vaults:5)
  8 wizards
  4 spectral wolf spiders (Spider:2)
  A flayed ghost (Depths:1)
  6 orb spiders
  13 ironbound convokers
  A glowing orange brain (Depths:3)
  6 wolf spider zombies (Spider:2)
  5 necromancers
  2 lindwurms
  20 harpies
  A tengu zombie (Vaults:1)
  Pikel (D:8)
  5 deep elf pyromancers
  4 phantasmal warriors
  25 fauns
  12 manticores
  An orc sorcerer (Orc:1)
  10 orc knights
  48 ugly things
  25 wolf spiders
  10 cyclopes
  12 merfolk sirens
  2 rust devils
  26 moths of wrath
  6 black mambas
  22 vault sentinels
  An eye of devastation (D:14)
  3 molten gargoyles (Lair:6)
  2 centaur zombies (D:11)
  2 fire giant skeletons (Vaults:1)
  Joseph (D:7)
  5 water nymphs
  11 elephants
  A guardian serpent (shapeshifter) (D:14)
  8 cane toads
  4 torpor snails
  4 gargoyles (D:11)
  2 rime drakes
  3 unseen horrors
  11 demonic crawlers
  2 komodo dragons (shapeshifter)
  8 komodo dragons
  A minotaur zombie (Gauntlet)
  37 yaktaurs
  An efreet (Gauntlet)
  A queen bee (Lair:3)
  20 merfolk
  5 tengu conjurers
  16 trolls
  3 meliai (Spider:4)
  5 hornets
  A polar bear (shapeshifter) (D:13)
  10 wind drakes
  6 wolf spider simulacra (Spider:2)
  31 tarantellas
  A troll (shapeshifter) (D:13)
  45 slime creatures
  2 tyrant leeches
  6 snapping turtles
  Grinder (D:5)
  6 dream sheep
  26 blink frogs
  24 jumping spiders
  A stone giant simulacrum (Vaults:1)
  Sigmund (D:3)
  2 centaur simulacra
  A vampire (D:13)
  2 shadows
  A ynoxinul (Gauntlet)
  3 wraiths
  A culicivora (shapeshifter) (Vaults:2)
  23 culicivoras
  69 yaks
  5 humans
  9 wyverns
  A wyvern (shapeshifter) (Depths:3)
  4 steam dragons
  3 fire elementals (Gauntlet)
  49 redbacks
  A golden eye (shapeshifter) (Vaults:5)
  10 water elementals
  Grum (D:9)
  7 basilisks
  A redback (shapeshifter) (Vaults:5)
  8 vampire mosquitoes
  5 wargs
  An acid dragon (D:6)
  5 hell hounds
  5 swamp worms
  A floating eye (Depths:3)
  Duvessa (D:7)
  15 water moccasins
  19 orc warriors
  A sky beast (shapeshifter) (Depths:4)
  2 black bears
  A sky beast (D:10)
  An ice beast (D:8)
  3 boggarts (Vaults:2)
  23 ogres
  15 wolves
  A lemure (D:8)
  5 centaurs
  2 kobold brigands
  6 bullfrogs
  3 scorpions
  2 cane toad simulacra (Lair:3)
  A water moccasin skeleton (D:5)
  29 killer bees
  Dowan (D:7)
  An elephant simulacrum (Lair:3)
  2 howler monkeys (D:13)
  2 electric eels
  5 lava snakes (Lair:6)
  A bullfrog zombie (D:5)
  2 centaur skeletons
  2 hounds (D:7)
  4 jellies
  7 orc priests
  4 iron imps (Gauntlet)
  Jessica (D:3)
  Ijyb (D:3)
  2 iguanas (D:5)
  20 orc wizards
  A polar bear simulacrum (Lair:3)
  Robin (D:2)
  3 howler monkey zombies
  6 gnolls (D:3)
  6 adders
  A howler monkey skeleton (D:6)
  A shadow imp (Gauntlet)
  A white imp (Gauntlet)
  2 ufetubi (D:7)
  3 worms
  5 dart slugs
  71 orcs
  6 bats
  6 endoplasms
  4 giant cockroaches
  13 goblins
  8 hobgoblins
  4 jackals
  12 kobolds
  3 quokkas
  15 ball pythons
  4 frilled lizards
  4 rats
  A tentacle (Shoals:1)
1917 creatures vanquished.

Vanquished Creatures (collateral kills)
  An ancient lich (Zot:5)
  Sojobo (Vaults:5)
  A golden dragon (Vaults:5)
  A titan (Vaults:5)
  A tengu reaver (Vaults:5)
  A draconian monk (Zot:1)
  A deep elf sorcerer (Vaults:5)
  An ironbound preserver (Vaults:2)
  A stone giant (Vaults:1)
  A white draconian (Zot:2)
  2 ettins
  2 vault guards (D:13)
  A merfolk aquamancer (Shoals:3)
  A spriggan berserker (Depths:1)
  2 hell knights (Vaults:5)
  A sea snake (Shoals:3)
  A glowing orange brain (Depths:1)
  4 deep trolls
  An ironbound convoker (Vaults:3)
  A wizard (Vaults:1)
  3 lindwurms (Vaults:2)
  A necromancer (Depths:4)
  A moth of wrath (Zot:1)
  A vault sentinel (Vaults:1)
  A yaktaur (Vaults:5)
  A hornet (Depths:1)
  A blink frog (Lair:5)
  3 slime creatures (Vaults:2)
  A spriggan (Depths:1)
  A basilisk (D:11)
  A human (D:13)
  Edmund (D:5)
  An orc (Orc:2)
43 creatures vanquished.

Vanquished Creatures (others)
  A draconian scorcher (Zot:1)
  A fire giant (Depths:2)
  A ghost moth (Spider:4)
  An ironbound preserver (Vaults:2)
  A vault guard (D:13)
  A spriggan air mage (Depths:1)
  A merfolk aquamancer (Shoals:4)
  A dancing weapon (Shoals:3)
  A deep troll (Vaults:3)
  An orb spider (Spider:4)
  An ironbound convoker (Vaults:5)
  An ugly thing (Vaults:2)
  A vault sentinel (Vaults:5)
  A jumping spider (Spider:4)
  An orc (D:9)
  4 bushes
  23 demonic plants (Gauntlet)
  31 fungi
  306 plants
  9 tentacles
388 creatures vanquished.

Grand Total: 2348 creatures vanquished

Notes
Turn   | Place    | Note
-------+----------+-------------------------------------------
     0 | D:1      | maxonian the Minotaur Chaos Knight began the quest for the
                  | Orb.
     0 | D:1      | Reached XP level 1. HP: 19/19 MP: 0/0
    60 | D:1      | XOM: potion effect (curing)
   241 | D:1      | XOM: silly message
   248 | D:1      | XOM: smoke on damage
   250 | D:1      | Reached XP level 2. HP: 21/27 MP: 1/1
   436 | D:1      | XOM: divination: detect items
   483 | D:1      | Reached skill level 4 in Fighting
   526 | D:1      | XOM: silly message
   811 | D:1      | Reached XP level 3. HP: 33/33 MP: 2/2
  1056 | D:1      | Found a faded altar of an unknown god.
  1177 | D:2      | XOM: silly message
  1291 | D:2      | XOM: silly message
  1402 | D:2      | Noticed Robin
  1406 | D:2      | Reached XP level 4. HP: 32/40 MP: 3/3
  1414 | D:2      | Killed Robin
  2104 | D:2      | Identified the ring "Ucrer" {rPois rC- Will+ Str+6 SInv}
  2484 | D:3      | Reached XP level 5. HP: 46/47 MP: 4/4
  2555 | D:3      | XOM: give mutations
  2555 | D:3      | Gained mutation: Your body sometimes deteriorates upon
                  | taking damage. [Xom's mischief]
  2555 | D:3      | Gained mutation: You are frail. (-10% HP) [Xom's mischief]
  2591 | D:3      | Noticed Ijyb
  2600 | D:3      | Killed Ijyb
  2705 | D:3      | Found an ornate altar of the Wu Jian Council.
  2705 | D:3      | Noticed Jessica
  2705 | D:3      | XOM: 1-stop teleportation journey
  2779 | D:3      | Killed Jessica
  2780 | D:3      | Reached skill level 5 in Fighting
  2780 | D:3      | Reached skill level 5 in Axes
  3186 | D:3      | Noticed Sigmund
  3200 | D:3      | Killed Sigmund
  3201 | D:3      | Reached XP level 6. HP: 39/50 MP: 5/5
  3324 | D:4      | You fall into a shaft and drop 2 floors!
  3337 | D:6      | Noticed an acid dragon
  3344 | D:5      | Entered Level 5 of the Dungeon
  3470 | D:5      | Reached skill level 5 in Armour
  3470 | D:5      | Reached XP level 7. HP: 41/55 MP: 6/6
  3591 | D:5      | XOM: 1-stop teleportation journey
  3621 | D:5      | Noticed Grinder
  3638 | D:5      | XOM: enchant monster (good)
  3640 | D:5      | Killed Grinder
  3641 | D:5      | Reached skill level 6 in Fighting
  4033 | D:4      | XOM: god gift: scroll labelled ZYL KADAPEM {god gift}
  4158 | D:4      | Found a bloodstained altar of Trog.
  4224 | D:4      | XOM: silly message
  4246 | D:4      | Found a snail-covered altar of Cheibriados.
  4490 | D:4      | Found a glowing silver altar of Zin.
  4657 | D:5      | Noticed Edmund
  4681 | D:5      | Killed Edmund
  4682 | D:5      | Reached skill level 5 in Dodging
  4968 | D:5      | Reached XP level 8. HP: 63/63 MP: 7/7
  4985 | D:5      | Found an iron altar of Okawaru.
  5056 | D:5      | Found a shimmering altar of Xom.
  5084 | D:5      | Found a blossoming altar of Fedhas.
  5168 | D:5      | Identified the ring "Ihuewni" {god gift, Str+4 Dex+2 SInv}
                  | (Xom gifted it to you on level 5 of the Dungeon)
  5168 | D:5      | XOM: god gift: ring "Ihuewni" {god gift, Str+4 Dex+2 SInv}
  5498 | D:6      | XOM: destruction
  5508 | D:6      | XOM: polymorph water moccasin -> scorpion
  5561 | D:6      | Found a staircase to the Ecumenical Temple.
  5561 | D:6      | XOM: 5-stop teleportation journey
  5604 | D:6      | Reached skill level 7 in Fighting
  5852 | D:6      | XOM: summons 1 hostile demon
  5872 | D:6      | XOM: 1-stop teleportation journey
  6040 | D:6      | Found a shimmering blue altar of Sif Muna.
  6175 | D:6      | XOM: god gift: ring mail {god gift}
  6284 | D:6      | XOM: divination: magic mapping
  6293 | Temple   | Entered the Ecumenical Temple
  6360 | D:7      | Noticed Joseph
  6458 | D:7      | Killed Joseph
  6927 | D:7      | Reached XP level 9. HP: 61/72 MP: 8/8
  6929 | D:7      | Reached skill level 8 in Fighting
  7224 | D:7      | XOM is BORED!
  7224 | D:7      | XOM: summons 5 hostile demons
  7225 | D:7      | Noticed a red devil
  7377 | D:7      | XOM: stat loss: -1 Str (26/27)
  7545 | D:7      | XOM: draining
  7987 | D:7      | XOM: summons 3 hostile demons
  8124 | D:7      | XOM: cloud trail
  8244 | D:7      | Noticed Duvessa
  8244 | D:7      | Noticed Dowan
  8267 | D:7      | Killed Duvessa
  8330 | D:7      | Killed Dowan
  8503 | D:8      | Noticed Harold
  8516 | D:8      | Killed Harold
  8596 | D:8      | Noticed Gastronok
  8626 | D:8      | Killed Gastronok
  8627 | D:8      | Reached skill level 9 in Fighting
  8627 | D:8      | Reached XP level 10. HP: 31/81 MP: 9/9
  8986 | D:8      | XOM: cloud trail
  9110 | D:8      | Found a radiant altar of Vehumet.
  9782 | D:8      | Noticed Pikel
  9812 | D:8      | Killed Pikel
  9813 | D:8      | Reached skill level 10 in Fighting
  9813 | D:8      | Reached skill level 1 in Shields
  9864 | D:8      | Noticed a boulder beetle
  9864 | D:8      | XOM: silly message
  9963 | D:9      | XOM: potion effect (curing)
 10059 | D:9      | XOM: silly message
 10083 | D:9      | XOM: potion effect (berserk rage)
 10091 | D:9      | XOM: silly message
 10096 | D:9      | Reached skill level 5 in Maces & Flails
 10352 | D:9      | Noticed Grum
 10377 | D:9      | Killed Grum
 10387 | D:9      | XOM: potion effect (invisibility)
 10396 | D:9      | XOM: divination: magic mapping
 10652 | D:9      | Found a white marble altar of Elyvilon.
 10669 | D:9      | Noticed Erica
 10684 | D:9      | Killed Erica
 10685 | D:9      | Reached skill level 11 in Fighting
 10685 | D:9      | Reached skill level 5 in Shields
 10688 | D:9      | XOM: swap monsters
 10879 | D:9      | XOM: summons friendly chaos spawn
 10891 | D:9      | Reached skill level 1 in Long Blades
 10960 | D:9      | Found a basalt altar of Yredelemnul.
 10968 | D:9      | XOM: give mutations
 10968 | D:9      | Gained mutation: Your mind is acute. (Int +2) [Xom's grace]
 10968 | D:9      | Gained mutation: You are agile. (Dex +2) [Xom's grace]
 10968 | D:9      | Gained mutation: You are strong-willed. (Will+) [Xom's
                  | grace]
 10968 | D:9      | Gained mutation: You have a somewhat thin skeletal
                  | structure. (Dex +2, Stealth+) [Xom's grace]
 11158 | D:10     | Entered Level 10 of the Dungeon
 11262 | D:10     | Reached XP level 11. HP: 69/91 MP: 10/10
 11372 | D:10     | XOM: noise
 11591 | D:9      | XOM: give mutations
 11591 | D:9      | Lost mutation: Your mind is acute. (Int +2) [Xom's
                  | mischief]
 11591 | D:9      | Gained mutation: You are dopey. (Int -2) [Xom's mischief]
 11591 | D:9      | Lost mutation: You are dopey. (Int -2) [Xom's mischief]
 11591 | D:9      | Lost mutation: You are strong-willed. (Will+) [Xom's
                  | mischief]
 11813 | D:10     | XOM: polymorph orc warrior -> sky beast
 12026 | D:10     | Found a staircase to the Orcish Mines.
 12133 | D:10     | Reached skill level 5 in Long Blades
 12342 | D:10     | Noticed Snorg
 12784 | D:11     | XOM: divination: detect creatures
 12859 | D:11     | XOM: silly message
 12954 | D:11     | XOM: potion effect (might)
 13299 | D:11     | XOM: silly message
 13420 | D:11     | XOM: potion effect (brilliance)
 13602 | D:11     | Noticed a boulder beetle
 13603 | D:11     | XOM: silly message
 13639 | D:11     | Found a one-way gate to the infinite horrors of the Abyss.
 13639 | D:11     | Noticed Tali's ghost (journeyman DsBe)
 13652 | D:11     | Noticed a death yak
 13653 | D:11     | Noticed a death yak
 13654 | D:11     | Found a staircase to the Lair.
 13654 | D:11     | Noticed a death yak
 13659 | D:11     | XOM: potion effect (berserk rage)
 13660 | D:11     | XOM: potion effect (invisibility)
 13663 | D:11     | XOM: potion effect (invisibility)
 13678 | D:11     | XOM: potion effect (curing)
 13690 | D:11     | XOM: confusion (+ monsters)
 13789 | D:10     | Found a sacrificial altar of Ru.
 13807 | D:10     | XOM: silly message
 13933 | D:11     | XOM: divination: magic mapping
 13936 | D:11     | Found a transporter.
 13939 | D:11     | XOM: silly message
 14005 | D:10     | XOM: potion effect (might)
 14012 | D:10     | Killed a death yak
 14012 | D:10     | XOM: silly message
 14014 | D:10     | Reached skill level 10 in Long Blades
 14084 | D:11     | XOM: potion effect (brilliance)
 14252 | D:11     | Found a transporter.
 14289 | D:11     | Got the Guide on Transformation
 14299 | D:11     | XOM: cast spell 'Summon Small Mammal'
 14420 | D:11     | XOM: cleaving
 14540 | D:11     | XOM: god gift: +2 great sword of holy wrath {god gift}
 14639 | D:11     | XOM: destruction
 14647 | D:10     | Killed a death yak
 14784 | D:11     | XOM: smoke on damage
 14806 | D:11     | XOM: god gift: scale mail {god gift}
 14968 | D:11     | XOM: potion effect (heal wounds)
 14975 | D:11     | Reached skill level 12 in Fighting
 15010 | D:11     | Reached XP level 12. HP: 98/100 MP: 11/11
 15010 | D:11     | Identified the +5 ring mail of Bad Feelings {rC+ rCorr}
 15208 | D:11     | XOM: noise
 15224 | D:11     | Killed a death yak
 15568 | D:11     | Killed a boulder beetle
 15581 | D:11     | XOM: summons friendly ynoxinul
 15717 | D:11     | XOM: god gift: Xom's Tome of Dust {god gift}
 15718 | D:11     | Got Xom's Tome of Dust {god gift}
 15765 | Lair:1   | Entered Level 1 of the Lair of Beasts
 15790 | Lair:1   | XOM: summons friendly rust devil
 15811 | Lair:1   | Reached skill level 13 in Fighting
 15957 | Lair:1   | Noticed an eight-headed hydra
 15972 | Lair:1   | Killed a six-headed hydra
 15994 | Lair:1   | XOM: cloud trail
 16208 | Lair:1   | XOM: fog
 16254 | Lair:1   | XOM: god gift: 658 gold pieces {god gift}
 16389 | Lair:1   | Got the Volume of Earthen Malediction
 16886 | Lair:1   | XOM: give mutations
 16886 | Lair:1   | Gained mutation: You are weak. (Str -2) [Xom's mischief]
 16886 | Lair:1   | Lost mutation: Your body sometimes deteriorates upon taking
                  | damage. [Xom's mischief]
 16886 | Lair:1   | Gained mutation: You are very frail. (-20% HP) [Xom's
                  | mischief]
 16886 | Lair:1   | Gained mutation: You are very agile. (Dex +4) [Xom's
                  | mischief]
 16921 | Lair:1   | XOM: summons 4 hostile shadow creatures
 17026 | Lair:1   | XOM: silly message
 17260 | Lair:2   | XOM: stealth player
 17290 | Lair:2   | Found a gate leading to a gauntlet.
 17302 | Gauntlet | Entered a Gauntlet
 17302 | Gauntlet | Found a transporter.
 17302 | Gauntlet | Found a large runed translucent door.
 17302 | Gauntlet | Found a large runed translucent door.
 17302 | Gauntlet | Found a large runed translucent door.
 17302 | Gauntlet | Found a large runed translucent door.
 17302 | Gauntlet | Found a runed translucent door.
 17302 | Gauntlet | Found a runed translucent door.
 17302 | Gauntlet | Found a large runed translucent door.
 17302 | Gauntlet | Found a large runed translucent door.
 17302 | Gauntlet | Found a large runed translucent door.
 17302 | Gauntlet | Found a large runed translucent door.
 17302 | Gauntlet | Found a large runed translucent door.
 17302 | Gauntlet | Found a large runed translucent door.
 17303 | Gauntlet | Found a large runed translucent door.
 17303 | Gauntlet | Found a large runed translucent door.
 17311 | Gauntlet | Found a transporter.
 17326 | Gauntlet | Found a transporter.
 17331 | Gauntlet | Found a transporter.
 17335 | Gauntlet | Noticed an entropy weaver
 17346 | Gauntlet | Found a transporter.
 17365 | Gauntlet | Found a transporter.
 17374 | Gauntlet | Noticed a death yak
 17375 | Gauntlet | Noticed a death yak
 17376 | Gauntlet | Noticed a death yak
 17377 | Gauntlet | Found a transporter.
 17389 | Gauntlet | Found a transporter.
 17392 | Gauntlet | Noticed a green death
 17401 | Gauntlet | Found a transporter.
 17413 | Gauntlet | Found a transporter.
 17430 | Gauntlet | Found a transporter.
 17430 | Gauntlet | Found a transporter.
 17450 | Gauntlet | Found a transporter.
 17470 | Gauntlet | Found a transporter.
 17492 | Gauntlet | Found a transporter.
 17569 | Gauntlet | Found a transporter.
 17578 | Gauntlet | XOM: draining
 17587 | Gauntlet | Found a large runed translucent door.
 17588 | Gauntlet | Found a large runed translucent door.
 17592 | Gauntlet | Found a runed translucent gate.
 17592 | Gauntlet | Found a runed translucent gate.
 17592 | Gauntlet | Found a runed translucent gate.
 17594 | Gauntlet | Found a transporter.
 17596 | Gauntlet | Found a transporter.
 17602 | Gauntlet | Found a large runed translucent door.
 17603 | Gauntlet | Found a large runed translucent door.
 17650 | Gauntlet | XOM: confusion (+ monsters)
 17673 | Gauntlet | Identified the +2 helmet of Gravity {rF- Regen+ Int+3}
 17702 | Gauntlet | XOM: potion effect (invisibility)
 17718 | Gauntlet | Identified the ring of Eternal Night {rN++ Will+}
 17754 | Gauntlet | XOM: potion effect (berserk rage)
 17760 | Gauntlet | Reached skill level 14 in Fighting
 17790 | Gauntlet | XOM: silly message
 17854 | Gauntlet | Noticed a minotaur
 17874 | Gauntlet | Killed a minotaur
 18263 | Lair:2   | XOM: silly message
 18311 | Lair:2   | Noticed Nergalle
 18331 | Lair:2   | Killed Nergalle
 18503 | Lair:2   | XOM: potion effect (curing)
 18504 | Lair:2   | XOM: confusion
 18748 | Lair:2   | XOM: summons 1 hostile shadow creature
 18905 | Lair:2   | XOM: give mutation
 18905 | Lair:2   | Lost mutation: You are very agile. (Dex +4) [Xom's
                  | mischief]
 19052 | Lair:2   | Noticed Sonja
 19059 | Lair:2   | XOM: draining
 19065 | Lair:2   | Killed Sonja
 19525 | Lair:3   | Noticed a death yak
 19525 | Lair:3   | Noticed a death yak
 19525 | Lair:3   | Noticed a death yak
 19525 | Lair:3   | XOM: confusion (+ monsters)
 19527 | Lair:3   | XOM: blink monster(s)
 19530 | Lair:3   | XOM: cleaving
 19566 | Lair:3   | Noticed a catoblepas
 19578 | Lair:3   | Killed a catoblepas
 19579 | Lair:3   | Reached XP level 13. HP: 99/100 MP: 12/12
 19861 | Lair:3   | Found a hole to the Spider Nest.
 19889 | Lair:3   | Reached skill level 10 in Armour
 19891 | Lair:3   | XOM: confusion
 19901 | Lair:3   | Reached skill level 15 in Fighting
 19934 | Lair:3   | Got the Grimoire of the Escort
 20157 | Lair:3   | Found a staircase to the Shoals.
 20157 | Lair:3   | XOM: chaos upgrade
 20185 | Lair:3   | XOM: give mutations
 20185 | Lair:3   | Lost mutation: You are agile. (Dex +2) [Xom's mischief]
 20185 | Lair:3   | Gained mutation: Your body sometimes deteriorates upon
                  | taking damage. [Xom's mischief]
 20414 | Lair:3   | XOM: 1-stop teleportation journey
 20443 | Lair:3   | XOM: summons 5 hostile demons
 20505 | Lair:3   | XOM: cast spell 'Discord'
 20511 | Lair:3   | XOM: summons friendly ufetubus
 20511 | Lair:3   | XOM: smoke on damage
 20597 | Lair:3   | XOM: scenery: 1 doors open, 3 doors close
 20645 | Lair:3   | XOM: noise
 20656 | Lair:3   | XOM: blink monster(s)
 20786 | Lair:3   | XOM: cast spell 'Cause Fear'
 20798 | Lair:3   | XOM: summons friendly iron imp
 20804 | Lair:3   | XOM: polymorph iron imp -> white imp
 20810 | Lair:3   | XOM: fake destruction
 20818 | Lair:3   | Reached skill level 10 in Dodging
 21324 | Lair:4   | XOM: destruction
 21416 | Lair:3   | XOM: snakes to sticks
 21420 | Lair:3   | XOM: enchant monster (good)
 21424 | Lair:3   | XOM: cast spell 'Death Channel'
 21673 | Lair:4   | XOM: enchant monster (good)
 21674 | Lair:4   | XOM: confuse monster(s)
 21684 | Lair:4   | XOM: scenery: create altars
 21688 | Lair:4   | Reached skill level 16 in Fighting
 21690 | Lair:3   | XOM: confuse monster(s)
 21692 | Lair:3   | XOM: fake destruction
 21820 | Lair:3   | XOM: enchant monster (good)
 21843 | Lair:3   | XOM: summons 2 hostile shadow creatures
 22408 | Lair:4   | XOM: fog
 22435 | Lair:4   | XOM: god gift: 38 gold pieces {god gift}
 22874 | Lair:4   | XOM is BORED!
 23003 | Lair:5   | XOM: summons 5 friendly demons
 23010 | Lair:5   | Reached XP level 14. HP: 96/110 MP: 13/13
 23171 | Lair:5   | XOM: fog
 23471 | Lair:5   | XOM: cast spell 'Dispersal'
 23533 | Lair:5   | XOM: enchant monster (good)
 23967 | Lair:5   | Found a glowing silver altar of Zin.
 24374 | Lair:6   | Entered Level 6 of the Lair of Beasts
 24424 | Lair:6   | XOM: enchant monster (bad)
 24566 | Lair:6   | Found a staircase to the Slime Pits.
 24829 | Lair:6   | XOM: 1-stop teleportation journey
 24834 | Lair:6   | XOM: confuse monster(s)
 24981 | Lair:5   | XOM: scenery: summon butterflies
 25189 | Lair:5   | Reached skill level 17 in Fighting
 25320 | Lair:6   | XOM: summons friendly iron imp
 25380 | Lair:6   | XOM: divination: magic mapping
 25429 | Lair:6   | XOM: polymorph iron imp -> quasit
 25567 | Lair:6   | XOM: give mutations
 25567 | Lair:6   | Gained mutation: Your spells are a little harder to cast,
                  | but a little more powerful. [Xom's grace]
 25567 | Lair:6   | Gained mutation: You have a pair of large horns on your
                  | head. [Xom's grace]
 25567 | Lair:6   | Gained mutation: Your mind is acute. (Int +2) [Xom's grace]
 25567 | Lair:6   | Gained mutation: You are agile. (Dex +2) [Xom's grace]
 26306 | Lair:6   | XOM: polymorph six-headed hydra -> ettin
 26328 | Lair:6   | XOM is BORED!
 26328 | Lair:6   | XOM: give mutations
 26328 | Lair:6   | Lost mutation: You are weak. (Str -2) [Xom's mischief]
 26328 | Lair:6   | Gained mutation: You are weak. (Str -2) [Xom's mischief]
 26599 | Lair:6   | XOM: give mutation
 26599 | Lair:6   | Lost mutation: You are very frail. (-20% HP) [Xom's
                  | mischief]
 26613 | Lair:6   | Found a large runed translucent door.
 26614 | Lair:6   | Found a large runed translucent door.
 26780 | Lair:6   | XOM: god gift: 17 gold pieces {god gift}
 26954 | Lair:6   | XOM: cast spell 'Summon Small Mammal'
 27083 | Lair:6   | XOM: divination: magic mapping
 27464 | D:10     | XOM: potion effect (curing)
 27473 | D:10     | Killed Snorg
 27481 | D:10     | XOM: silly message
 27644 | D:10     | Found a stormy altar of Qazlal.
 27693 | D:10     | XOM: silly message
 27721 | D:11     | XOM: divination: magic mapping
 27728 | D:12     | XOM: noise
 27740 | D:11     | Reached skill level 1 in Slings
 27797 | D:11     | XOM: silly message
 27904 | D:11     | XOM: divination: magic mapping
 27916 | D:11     | XOM: give mutations
 27916 | D:11     | Gained mutation: You are partially covered in iridescent
                  | scales. (AC +2) [Xom's grace]
 27916 | D:11     | Gained mutation: You have an increased reservoir of magic.
                  | (+10% MP) [Xom's grace]
 27916 | D:11     | Gained mutation: Your spells are harder to cast, but more
                  | powerful. [Xom's grace]
 27916 | D:11     | Gained mutation: You possess an exceptional clarity of
                  | mind. [Xom's grace]
 28456 | D:12     | XOM: cloud trail
 28503 | D:12     | XOM is BORED!
 28503 | D:12     | XOM: summons 8 hostile demons
 28849 | D:13     | XOM: 3-stop teleportation journey
 28946 | D:13     | XOM: scenery: create altars
 29234 | D:13     | XOM: silly message
 29308 | D:13     | Reached skill level 5 in Slings
 29319 | D:13     | Reached XP level 15. HP: 87/132 MP: 15/15
 29489 | D:13     | XOM: potion effect (might)
 30166 | D:13     | XOM: divination: detect items
 30178 | D:13     | XOM: noise
 30190 | D:13     | XOM: potion effect (brilliance)
 30209 | D:13     | XOM: cast spell 'Leda's Liquefaction'
 30505 | D:13     | XOM: silly message
 30740 | D:13     | XOM: cast spell 'Monstrous Menagerie'
 30768 | D:13     | Identified the +8 glaive "Inamomyl" {spect, +Blink rPois
                  | rCorr Stlth-}
 31043 | D:13     | Found a gate to the Vaults.
 31270 | D:14     | XOM: 5-stop teleportation journey
 31455 | D:14     | XOM: potion effect (haste)
 31525 | D:14     | XOM: god gift: spear {god gift}
 31603 | D:14     | Identified the +2 ring mail of the Countless Seas {SInv}
 31777 | D:14     | XOM: confuse monster(s)
 31791 | D:13     | XOM: confuse monster(s)
 31959 | D:14     | XOM: summons 2 friendly demons
 31968 | D:14     | XOM: 1-stop teleportation journey
 31984 | D:13     | Identified the ring of Imbalance {god gift, Ice rPois rCorr
                  | Dex+3 SInv} (Xom gifted it to you on level 13 of the
                  | Dungeon)
 31984 | D:13     | XOM: god gift: ring of Imbalance {god gift, Ice rPois rCorr
                  | Dex+3 SInv}
 32780 | D:14     | Got the Handbook of Creative Ignition
 32806 | D:14     | XOM: give mutations
 32806 | D:14     | Lost mutation: You are weak. (Str -2) [Xom's mischief]
 32806 | D:14     | Lost mutation: Your spells are harder to cast, but more
                  | powerful. [Xom's mischief]
 32806 | D:14     | Lost mutation: You have a pair of large horns on your head.
                  | [Xom's mischief]
 32806 | D:14     | Lost mutation: Your spells are a little harder to cast, but
                  | a little more powerful. [Xom's mischief]
 32940 | D:13     | XOM: god gift: staff of air {god gift}
 33015 | D:14     | Found an opulent altar of Gozag.
 33074 | D:13     | Reached skill level 10 in Slings
 33312 | D:14     | XOM: polymorph centaur warrior -> eye of devastation
 33390 | D:14     | XOM: scenery: summon butterflies
 33402 | D:14     | XOM: noise
 33463 | D:14     | XOM: cloud trail
 33534 | D:15     | Entered Level 15 of the Dungeon
 33545 | D:15     | XOM: divine lightning
 33559 | D:15     | XOM: summons friendly quasit
 33569 | D:15     | XOM: destruction
 33707 | D:14     | XOM: give mutations
 33707 | D:14     | Gained mutation: You have a moderately thin skeletal
                  | structure. (Dex +4, Stealth++) [Xom's grace]
 33707 | D:14     | Gained mutation: You expend magic power (3 MP) to
                  | strengthen your wands. [Xom's grace]
 33707 | D:14     | Gained mutation: You have a pair of large horns on your
                  | head. [Xom's grace]
 33707 | D:14     | Gained mutation: You have a beak for a mouth. [Xom's grace]
 33710 | D:15     | Noticed Jorgrun
 33718 | D:14     | Reached skill level 10 in Shields
 33883 | D:15     | XOM: confuse monster(s)
 33888 | D:15     | XOM: noise
 33930 | D:15     | Killed Jorgrun
 34132 | D:15     | XOM: cloud trail
 34151 | D:15     | Identified the +5 rapier of Outrage {pain, rElec rN+ Str+8
                  | Dex-3}
 34285 | D:15     | Found a bloodstained altar of Trog.
 34288 | D:15     | XOM: summons friendly crimson imp
 34297 | D:15     | XOM: divination: magic mapping
 34555 | D:15     | XOM: confuse monster(s)
 34557 | D:15     | XOM: destruction
 34668 | D:15     | Found a staircase to the Depths.
 34759 | D:15     | XOM: give mutations
 34759 | D:15     | Gained mutation: Your flesh is heat resistant. (rF+) [Xom's
                  | grace]
 34759 | D:15     | Gained mutation: Your flesh is very heat resistant. (rF++)
                  | [Xom's grace]
 34759 | D:15     | Gained mutation: You are mostly covered in iridescent
                  | scales. (AC +4) [Xom's grace]
 34759 | D:15     | Gained mutation: Your spells are a little harder to cast,
                  | but a little more powerful. [Xom's grace]
 34997 | Orc:1    | Entered Level 1 of the Orcish Mines
 35522 | Orc:2    | Entered Level 2 of the Orcish Mines
 35522 | Orc:2    | XOM: scenery: create altars
 35837 | Orc:2    | XOM: fog
 35935 | Orc:1    | Reached XP level 16. HP: 127/139 MP: 16/16
 35938 | Orc:1    | XOM: god gift: +1 buckler of positive energy {god gift}
 35980 | Orc:1    | Found Qibof's Assorted Antiques.
 35996 | Orc:1    | Bought a scroll of teleportation for 99 gold pieces
 36327 | Orc:2    | Found a staircase to the Elven Halls.
 36393 | Orc:2    | Found Veofan's Antique Weapon Shoppe.
 36540 | Orc:2    | XOM: give mutation
 36540 | Orc:2    | Gained mutation: You have an unnaturally thin skeletal
                  | structure. (Dex +6, Stealth+++) [Xom's grace]
 36617 | Orc:2    | XOM: cast spell 'Summon Mana Viper'
 36652 | Orc:2    | XOM: summons 4 friendly demons
 36665 | Orc:2    | Found Bic Sunt's Armour Emporium.
 36671 | Orc:2    | XOM: confuse monster(s)
 36732 | Orc:2    | XOM: swap monsters
 36779 | Orc:2    | XOM: potion effect (berserk rage)
 36831 | Orc:2    | Found Ysaocw's Book Shoppe.
 36835 | Orc:2    | XOM: polymorph ogre -> basilisk
 36843 | Orc:2    | Found Xehypp's Armour Boutique.
 36851 | Orc:2    | Found Reqasoda's Armour Shoppe.
 36856 | Orc:2    | Bought the +6 plate armour of the Trout {+Inv rElec Dex-3
                  | Stlth-} for 729 gold pieces
 36882 | Orc:2    | Bought the +0 kite shield of the Twenty Beasts {rElec
                  | Regen+ rCorr Int+2} for 396 gold pieces
 36898 | Orc:2    | XOM: silly message
 36969 | Orc:2    | Reached skill level 15 in Long Blades
 37054 | Orc:2    | Bought a glowing fustibalus for 558 gold pieces
 37054 | Orc:2    | Bought a glowing scimitar for 217 gold pieces
 37249 | Spider:1 | Entered Level 1 of the Spider Nest
 37252 | Spider:1 | XOM: 1-stop teleportation journey
 37261 | Spider:1 | XOM: potion effect (heal wounds)
 37266 | Spider:1 | XOM: scenery: summon butterflies
 37281 | Spider:1 | XOM: confuse monster(s)
 37505 | Spider:1 | XOM: 1-stop teleportation journey
 37517 | Spider:1 | Reached skill level 18 in Fighting
 37570 | Spider:1 | XOM: blink monster(s)
 37571 | Spider:1 | XOM: silly message
 37573 | Spider:1 | XOM: enchant monster (good)
 37585 | Spider:1 | XOM: noise
 37823 | Spider:1 | XOM: noise
 37925 | Spider:1 | XOM: confuse monster(s)
 38395 | Spider:2 | XOM: summons 4 friendly demons
 38541 | Spider:2 | XOM: polymorph jorogumo -> ghost moth
 38697 | Spider:2 | XOM: blink monster(s)
 38724 | Spider:2 | XOM: god gift: scroll of enchant armour {god gift}
 38738 | Spider:1 | XOM: divination: detect items
 39155 | Spider:2 | XOM: polymorph wolf spider -> steelbarb worm
 39161 | Spider:2 | XOM: summons 1 hostile shadow creature
 39196 | Spider:2 | XOM: enchant monster (bad)
 39361 | Spider:2 | You fall into a shaft and drop 1 floor!
 39372 | Spider:2 | XOM: 1-stop teleportation journey
 39528 | Spider:2 | XOM: chaos cloud
 39689 | Spider:2 | Reached XP level 17. HP: 142/149 MP: 17/17
 39701 | Spider:2 | XOM: stat loss: -1 Dex (21/22)
 39702 | Spider:2 | Reached skill level 19 in Fighting
 40217 | Spider:3 | XOM: god gift: potion of berserk rage {god gift}
 40463 | Spider:3 | XOM: 3-stop teleportation journey
 40487 | Spider:3 | Identified a scroll of acquirement
 40489 | Spider:3 | Acquired a manual of Dodging
 41092 | Spider:3 | XOM: god gift: wand of charming (6) {god gift}
 41164 | Spider:3 | Got the Disquisition on Combat Magic
 41232 | Spider:3 | XOM: divination: detect creatures
 41316 | Spider:4 | Entered Level 4 of the Spider Nest
 41342 | Spider:4 | XOM: divination: detect creatures
 41440 | Spider:4 | XOM: 1-stop teleportation journey
 41503 | Spider:4 | XOM: cleaving
 41872 | Spider:4 | XOM: fog
 42157 | Spider:4 | XOM: polymorph tarantella -> troll
 42170 | Spider:4 | XOM: give mutations
 42170 | Spider:4 | Lost mutation: You are frail. (-10% HP) [Xom's grace]
 42170 | Spider:4 | Gained mutation: You are very agile. (Dex +4) [Xom's grace]
 42170 | Spider:4 | Gained mutation: You are completely covered in iridescent
                  | scales. (AC +6) [Xom's grace]
 42170 | Spider:4 | Gained mutation: You have large cloven feet. [Xom's grace]
 42270 | Spider:4 | XOM: god gift: potion of flight {god gift}
 42536 | Spider:4 | XOM: 1-stop teleportation journey
 42607 | Spider:4 | XOM: fog
 42615 | Spider:4 | XOM: enchant monster (good)
 43073 | Spider:4 | XOM: enchant monster (bad)
 43083 | Spider:4 | XOM: summons 1 hostile shadow creature
 43085 | Spider:4 | Reached skill level 20 in Fighting
 43438 | Spider:4 | Reached XP level 18. HP: 178/178 MP: 18/18
 43474 | Spider:4 | XOM: 4-stop teleportation journey
 43494 | Spider:4 | Got a gossamer rune of Zot
 43772 | Spider:1 | XOM: summons 1 hostile shadow creature
 43951 | Lair:3   | XOM: stat loss: -1 Dex (22/24)
 43963 | Shoals:1 | Entered Level 1 of the Shoals
 44152 | Shoals:1 | XOM: swap monsters
 44154 | Shoals:1 | XOM: summons 3 friendly demons
 44229 | Shoals:1 | Found Coaceyfo's Jewellery Emporium.
 44246 | Shoals:1 | XOM: 1-stop teleportation journey
 44616 | Shoals:1 | XOM: summons 3 hostile demons
 44858 | Shoals:2 | XOM: polymorph harpy -> wind drake
 44863 | Shoals:2 | XOM: polymorph wind drake -> culicivora
 44868 | Shoals:2 | XOM: give mutations
 44868 | Shoals:2 | Lost mutation: You are very agile. (Dex +4) [Xom's
                  | mischief]
 44868 | Shoals:2 | Lost mutation: You have large cloven feet. [Xom's mischief]
 44868 | Shoals:2 | Lost mutation: You have an unnaturally thin skeletal
                  | structure. (Dex +6, Stealth+++) [Xom's mischief]
 44989 | Shoals:2 | XOM: enchant monster (bad)
 45139 | Shoals:2 | XOM: cloud trail
 45190 | Shoals:2 | XOM: blink monster(s)
 45222 | Shoals:2 | XOM: potion effect (invisibility)
 45297 | Shoals:2 | Noticed Polyphemus
 45301 | Shoals:2 | XOM: 3-stop teleportation journey
 45336 | Shoals:2 | Killed Polyphemus
 45337 | Shoals:2 | Reached skill level 15 in Dodging
 45337 | Shoals:2 | Reached XP level 19. HP: 106/185 MP: 19/19
 45498 | Shoals:2 | Noticed Ilsuiw
 45516 | Shoals:2 | XOM: blink monster(s)
 45648 | Shoals:1 | XOM: divination: detect creatures
 45705 | Shoals:1 | XOM: fog
 45715 | Shoals:1 | Killed Ilsuiw
 45854 | Shoals:2 | XOM: noise
 45942 | Shoals:2 | Identified Roxanne's Volume of Shape Shifting
 45942 | Shoals:2 | Noticed Roxanne
 46029 | Shoals:2 | XOM: silly message
 46687 | Shoals:3 | XOM: god gift: scroll of fog {god gift}
 46815 | Shoals:3 | XOM is BORED!
 46815 | Shoals:3 | XOM: give mutations
 46815 | Shoals:3 | Lost mutation: You expend magic power (3 MP) to strengthen
                  | your wands. [Xom's mischief]
 46815 | Shoals:3 | Lost mutation: You have a beak for a mouth. [Xom's
                  | mischief]
 46815 | Shoals:3 | Lost mutation: You possess an exceptional clarity of mind.
                  | [Xom's mischief]
 46815 | Shoals:3 | Lost mutation: You have an increased reservoir of magic.
                  | (+10% MP) [Xom's mischief]
 46912 | Shoals:3 | Noticed Bai Suzhen
 46919 | Shoals:3 | XOM: scenery: create altars
 46921 | Shoals:3 | XOM: summons 11 friendly demons
 46933 | Shoals:3 | Killed Bai Suzhen
 46941 | Shoals:3 | XOM: god gift: scroll of amnesia {god gift}
 47082 | Shoals:3 | XOM: give mutations
 47082 | Shoals:3 | Gained mutation: Your mind is very acute. (Int +4) [Xom's
                  | grace]
 47082 | Shoals:3 | Gained mutation: You have an increased reservoir of magic.
                  | (+10% MP) [Xom's grace]
 47082 | Shoals:3 | Gained mutation: You expend magic power (3 MP) to
                  | strengthen your wands. [Xom's grace]
 47082 | Shoals:3 | Gained mutation: You have hidden genetic potential. [Xom's
                  | grace]
 47287 | Shoals:4 | Entered Level 4 of the Shoals
 47314 | Shoals:4 | Found Jimeomn's Armour Shoppe.
 47400 | Shoals:3 | XOM: cast spell 'Monstrous Menagerie'
 47549 | Shoals:4 | XOM: divination: detect creatures
 47629 | Shoals:4 | XOM: scenery: create altars
 47654 | Shoals:3 | XOM: polymorph faun -> two-headed ogre
 47746 | Shoals:4 | XOM: destruction
 47754 | Shoals:4 | XOM: fog
 47756 | Shoals:4 | XOM: smoke on damage
 47833 | Shoals:4 | Identified the amulet "Xoxyis" {Spirit rElec Regen+ Int+4}
 47834 | Shoals:4 | XOM: silly message
 47835 | Shoals:4 | XOM: potion effect (might)
 47862 | Shoals:4 | XOM: potion effect (curing)
 47868 | Shoals:4 | XOM: potion effect (heal wounds)
 47872 | Shoals:4 | XOM: potion effect (brilliance)
 47882 | Shoals:4 | XOM: potion effect (berserk rage)
 47913 | Shoals:4 | XOM: potion effect (invisibility)
 48215 | Shoals:4 | XOM: noise
 48251 | Shoals:4 | XOM: silly message
 48407 | Shoals:4 | XOM: chaos upgrade
 48480 | Shoals:4 | XOM: scenery: create altars
 48744 | Shoals:4 | XOM: divination: detect creatures
 48748 | Shoals:4 | XOM: cleaving
 48787 | Shoals:4 | XOM: summons friendly iron imp
 48854 | Shoals:4 | Got a barnacled rune of Zot
 48949 | Shoals:4 | XOM: polymorph iron imp -> white imp
 48984 | Shoals:4 | XOM: scenery: summon butterflies
 49484 | Vaults:1 | Entered Level 1 of the Vaults
 49501 | Vaults:1 | Noticed Nikola
 49541 | Vaults:1 | Killed Nikola
 49699 | Vaults:1 | XOM: god gift: staff of fire {god gift}
 49716 | Vaults:1 | XOM: fog
 49806 | Vaults:1 | XOM: destruction
 49840 | Vaults:1 | XOM: divination: magic mapping
 50078 | Vaults:1 | XOM: noise
 50115 | Vaults:1 | XOM: scenery: 2 doors close
 50196 | Vaults:1 | Found Qesum's Jewellery Shoppe.
 50204 | Vaults:1 | Bought an amulet of reflection for 390 gold pieces
 50252 | Vaults:1 | XOM: potion effect (might)
 50264 | Vaults:1 | XOM: cast spell 'Summon Dragon'
 50346 | Vaults:1 | XOM: scenery: 1 doors close
 50544 | Vaults:1 | XOM: confuse monster(s)
 50727 | Vaults:1 | XOM: enchant monster (good)
 51065 | Vaults:1 | XOM: polymorph ironbound preserver -> quicksilver ooze
 51334 | Vaults:1 | XOM: confuse monster(s)
 51346 | Vaults:1 | Reached XP level 20. HP: 195/195 MP: 21/21
 51422 | Vaults:1 | Identified the +10 broad axe "Hem Lewo" {flame, +Blink rC+}
 51468 | Vaults:1 | XOM: summons 3 hostile shadow creatures
 51619 | Vaults:2 | XOM: enchant monster (bad)
 51621 | Vaults:2 | Reached skill level 21 in Fighting
 51625 | Vaults:2 | XOM: blink monster(s)
 51728 | Vaults:2 | XOM: swap monsters
 51971 | Vaults:2 | Reached skill level 10 in Axes
 52213 | Vaults:2 | Gained mutation: Your movements are slightly less
                  | encumbered by armour. (ER -2) [hidden potential]
 52248 | Vaults:2 | XOM: 2-stop teleportation journey
 52356 | Vaults:2 | XOM: potion effect (invisibility)
 52441 | Vaults:1 | XOM is BORED!
 52498 | Vaults:2 | XOM: 3-stop teleportation journey
 52691 | Vaults:2 | XOM: polymorph torpor snail -> glowing shapeshifter
 52723 | Vaults:2 | XOM: enchant monster (good)
 52773 | Vaults:2 | XOM: scenery: 1 doors close
 53008 | Vaults:2 | XOM: destruction
 53049 | Vaults:2 | XOM: cast spell 'Summon Ice Beast'
 53268 | Vaults:2 | XOM: polymorph vault warden -> shadow dragon
 53475 | Vaults:3 | XOM: cast spell 'Summon Ice Beast'
 53514 | Vaults:3 | XOM: summons friendly ufetubus
 53522 | Vaults:3 | XOM: silly message
 53538 | Vaults:3 | XOM: 3-stop teleportation journey
 53669 | Vaults:3 | XOM: cleaving
 53672 | Vaults:3 | Reached skill level 15 in Axes
 53686 | Vaults:3 | Identified the amulet "Kedem" {RegenMP Rampage rC- rCorr
                  | Int-4}
 53692 | Vaults:3 | XOM: scenery: create altars
 53700 | Vaults:3 | XOM: fog
 53702 | Vaults:3 | XOM: summons 13 friendly demons
 53751 | Vaults:3 | XOM: give mutation
 53751 | Vaults:3 | Gained mutation: You are robust. (+10% HP) [Xom's grace]
 53960 | Vaults:3 | XOM: cleaving
 54008 | Vaults:3 | XOM: scenery: 2 doors close
 54022 | Vaults:3 | XOM: summons 4 friendly demons
 54024 | Vaults:3 | XOM: give mutations
 54024 | Vaults:3 | Gained mutation: You are strong-willed. (Will+) [Xom's
                  | grace]
 54024 | Vaults:3 | Gained mutation: Your movements are less encumbered by
                  | armour. (ER -4) [Xom's grace]
 54165 | Vaults:3 | Noticed a bone dragon
 54170 | Vaults:3 | XOM: summons friendly white imp
 54185 | Vaults:3 | Killed a bone dragon
 54188 | Vaults:3 | Found a staircase to the Crypt.
 54228 | Vaults:3 | XOM: cast spell 'Chain of Chaos'
 54334 | Vaults:3 | XOM: god gift: amulet of faith {god gift}
 54411 | Vaults:3 | XOM: summons 12 friendly demons
 54422 | Vaults:3 | Reached XP level 21. HP: 224/224 MP: 22/22
 54459 | Vaults:3 | XOM: potion effect (might)
 54612 | Vaults:3 | XOM: scenery: 1 doors close
 54613 | Vaults:3 | XOM: scenery: 1 doors open
 54991 | Vaults:3 | XOM: silly message
 55014 | Vaults:3 | XOM is BORED!
 55040 | Vaults:4 | XOM: give mutations
 55040 | Vaults:4 | Gained mutation: Your skin changes colour to match your
                  | surroundings (Stealth+). [Xom's grace]
 55040 | Vaults:4 | Gained mutation: You passively map a small area around you.
                  | [Xom's grace]
 55042 | Vaults:4 | XOM: 3-stop teleportation journey
 55151 | Vaults:4 | XOM: give mutation
 55151 | Vaults:4 | Gained mutation: You have supernaturally acute eyesight.
                  | (SInv) [Xom's grace]
 55207 | Vaults:4 | Gained mutation: Your muscles are strong. (Str +2) [hidden
                  | potential]
 55207 | Vaults:4 | Lost mutation: You have hidden genetic potential. [hidden
                  | potential expressed]
 55270 | Vaults:4 | XOM: scenery: 1 doors close
 55292 | Vaults:4 | Reached skill level 15 in Shields
 55426 | Vaults:4 | XOM: god gift: 16 stones {god gift}
 55592 | Vaults:4 | XOM: 7-stop teleportation journey
 55688 | Vaults:4 | XOM: scenery: summon butterflies
 55781 | Vaults:4 | XOM: noise
 55988 | Vaults:4 | XOM: divination: detect items
 55989 | Vaults:4 | XOM: noise
 56199 | Vaults:4 | XOM: cloud trail
 56290 | Vaults:5 | XOM: noise
 56290 | Vaults:5 | Entered Level 5 of the Vaults
 56299 | Vaults:5 | Noticed a golden dragon
 56307 | Vaults:5 | Noticed Sojobo
 56313 | Vaults:5 | Reached skill level 15 in Armour
 56324 | Vaults:5 | XOM: divination: detect items
 56362 | Vaults:5 | Reached skill level 22 in Fighting
 56448 | Vaults:5 | XOM: confuse monster(s)
 56536 | Vaults:5 | Identified the amulet of Okoiczi {Acrobat rPois rF- rN+
                  | Will++}
 56613 | Vaults:5 | XOM: enchant monster (good)
 56619 | Vaults:5 | XOM: god gift: scroll of silence {god gift}
 56712 | Vaults:5 | XOM: god gift: 5 curare-tipped darts {god gift}
 56735 | Vaults:5 | XOM: cast spell 'Summon Dragon'
 56740 | Vaults:5 | Killed a golden dragon
 56743 | Vaults:5 | Killed Sojobo
 56766 | Vaults:5 | Reached XP level 22. HP: 138/236 MP: 23/23
 56870 | Vaults:5 | Noticed a golden dragon
 56878 | Vaults:5 | Killed a golden dragon
 56917 | Vaults:5 | Noticed Margery
 56934 | Vaults:5 | Killed Margery
 57016 | Vaults:5 | XOM: enchant monster (good)
 57019 | Vaults:5 | XOM: scenery: create altars
 57021 | Vaults:5 | XOM: fog
 57022 | Vaults:5 | XOM: 3-stop teleportation journey
 57032 | Vaults:5 | XOM: give mutations
 57032 | Vaults:5 | Gained mutation: You are very agile. (Dex +4) [Xom's grace]
 57032 | Vaults:5 | Gained mutation: You are somewhat resistant to further
                  | mutation. [Xom's grace]
 57032 | Vaults:5 | Gained mutation: You possess an exceptional clarity of
                  | mind. [Xom's grace]
 57032 | Vaults:5 | Gained mutation: Your muscles are very strong. (Str +4)
                  | [Xom's grace]
 57110 | Vaults:5 | XOM: cast spell 'Dispersal'
 57122 | Vaults:5 | XOM: cleaving
 57126 | Vaults:5 | Identified the +3 arbalest of Titipeliu {penet, Int+5}
 57335 | Vaults:5 | Noticed a dread lich
 57339 | Vaults:5 | XOM: potion effect (brilliance)
 57356 | Vaults:4 | XOM: confuse monster(s)
 57359 | Vaults:4 | XOM: cleaving
 57362 | Vaults:4 | Killed a dread lich
 57419 | Vaults:5 | Identified the ring "Cufitau" {Will+ SInv Stlth+}
 57422 | Vaults:4 | XOM: polymorph shadow dragon -> fire giant
 57432 | Vaults:4 | XOM: god gift: potion of degeneration {god gift}
 57490 | Vaults:5 | XOM: destruction
 57535 | Vaults:5 | XOM: fog
 57552 | Vaults:5 | XOM: confuse monster(s)
 57557 | Vaults:5 | XOM: enchant monster (good)
 57563 | Vaults:5 | Reached skill level 23 in Fighting
 57581 | Vaults:5 | XOM: fog
 57586 | Vaults:5 | XOM: god gift: scroll of vulnerability {god gift}
 57952 | Vaults:5 | Got the Volume of the Shrike
 57962 | Vaults:5 | XOM: god gift: scroll of blinking {god gift}
 57976 | Vaults:5 | Identified the +9 triple sword of Triumph {flame, rF+}
 58021 | Vaults:5 | Got a silver rune of Zot
 58208 | Vaults:5 | Got the Compendium of Spatial Unholy Rites
 58671 | Depths:1 | Found a gateway to Hell.
 58671 | Depths:1 | XOM: noise
 58671 | Depths:1 | Entered Level 1 of the Depths
 58879 | Depths:1 | XOM: cleaving
 58921 | Depths:1 | XOM: enchant monster (good)
 58922 | Depths:1 | Noticed Aizul
 58937 | Depths:1 | Killed Aizul
 59085 | Depths:1 | Found a one-way gate leading to the halls of Pandemonium.
 59098 | Depths:1 | Found a blossoming altar of Fedhas.
 59132 | Depths:1 | XOM: scenery: 1 doors open
 59239 | Depths:1 | XOM: cleaving
 59246 | Depths:1 | XOM: cast spell 'Alistair's Intoxication'
 59251 | Depths:1 | XOM: chaos cloud
 59255 | Depths:1 | XOM: swap monsters
 59651 | Depths:2 | Identified the +0 morningstar of Instant Death {pain,
                  | Int+7}
 59700 | Depths:2 | Reached XP level 23. HP: 249/249 MP: 24/24
 59703 | Depths:2 | XOM: blink monster(s)
 59829 | Depths:2 | XOM: 3-stop teleportation journey
 59855 | Depths:2 | XOM: enchant monster (bad)
 59942 | Depths:2 | XOM: scenery: 3 doors open, 1 doors close
 60014 | Depths:2 | XOM: swap monsters
 60237 | Depths:2 | XOM: polymorph rakshasa -> rakshasa
 60282 | Depths:2 | Found Ygiuschi's Assorted Antiques.
 60460 | Depths:3 | Found a one-way gateway to a ziggurat.
 60525 | Depths:3 | Found a corrupted altar of Lugonu.
 60678 | Depths:3 | XOM: 7-stop teleportation journey
 60682 | Depths:3 | XOM: polymorph deep troll shaman -> fire dragon
 60691 | Depths:3 | XOM: polymorph fire dragon -> glowing shapeshifter
 60707 | Depths:3 | XOM: polymorph water nymph -> glowing shapeshifter
 60717 | Depths:3 | XOM: destruction
 60719 | Depths:3 | XOM: swap monsters
 60788 | Depths:3 | XOM: noise
 60840 | Depths:3 | XOM: summons friendly crimson imp
 61093 | Depths:3 | XOM: god gift: scroll of amnesia {god gift}
 61186 | Depths:3 | XOM: confuse monster(s)
 61313 | Depths:3 | XOM: god gift: potion of berserk rage {god gift}
 61836 | Depths:4 | Entered Level 4 of the Depths
 61863 | Depths:4 | XOM: potion effect (curing)
 61932 | Depths:4 | XOM: confuse monster(s)
 61939 | Depths:4 | Reached skill level 24 in Fighting
 62000 | Depths:4 | Identified the +8 shortbow of Lairewos {vorpal, rPois rC+}
 62042 | Depths:4 | XOM: scenery: create altars
 62045 | Depths:4 | XOM: summons friendly crimson imp
 62050 | Depths:4 | XOM: confuse monster(s)
 62148 | Depths:4 | Found a magical portal.
 62172 | Depths:4 | Noticed a juggernaut
 62173 | Depths:4 | XOM: polymorph crimson imp -> shadow imp
 62181 | Depths:4 | Killed a juggernaut
 62229 | Depths:4 | Reached skill level 1 in Evocations
 62311 | Depths:4 | Noticed a juggernaut
 62317 | Depths:4 | XOM: confuse monster(s)
 62322 | Depths:4 | Killed a juggernaut
 62422 | Depths:4 | XOM: polymorph hell knight -> cyclops
 62455 | Depths:4 | Found a gate to the Realm of Zot.
 62476 | Depths:4 | Reached skill level 5 in Evocations
 62535 | Depths:4 | XOM: swap monsters
 62741 | Depths:4 | XOM: give mutation
 62741 | Depths:4 | Lost mutation: You are robust. (+10% HP) [Xom's mischief]
 63220 | Depths:4 | XOM: potion effect (brilliance)
 63221 | Depths:4 | XOM: potion effect (might)
 63223 | Depths:4 | XOM: potion effect (brilliance)
 63244 | Depths:4 | XOM: summons friendly white imp
 63246 | Depths:4 | XOM: cast spell 'Summon Hydra'
 63467 | Zot:1    | Entered Level 1 of the Realm of Zot
 63473 | Zot:1    | XOM: enchant monster (good)
 63508 | Zot:1    | Reached XP level 24. HP: 238/238 MP: 24/24
 63577 | Zot:1    | XOM: silly message
 63619 | Zot:1    | XOM: potion effect (brilliance)
 63812 | Zot:1    | XOM: 1-stop teleportation journey
 63822 | Zot:1    | XOM: give mutation
 63822 | Zot:1    | Lost mutation: You are somewhat resistant to further
                  | mutation. [Xom's mischief]
 63926 | Zot:1    | XOM: chaos cloud
 64125 | Zot:1    | XOM: god gift: 947 gold pieces {god gift}
 64166 | Zot:1    | Noticed an orb of fire
 64178 | Zot:1    | Lost mutation: You possess an exceptional clarity of mind.
                  | [an orb of fire]
 64185 | Zot:1    | XOM: blink monster(s)
 64187 | Zot:1    | Gained mutation: You sometimes lose the ability to read
                  | scrolls when taking damage. [an orb of fire]
 64188 | Zot:1    | Lost mutation: You expend magic power (3 MP) to strengthen
                  | your wands. [an orb of fire]
 64194 | Zot:1    | Killed an orb of fire
 64197 | Zot:1    | Reached skill level 10 in Evocations
 64300 | Zot:1    | Identified the +6 short sword of Qomo Jaizy {flame, rPois
                  | Will++ Int-2 Dex+2}
 64301 | Zot:1    | Got the Catalogue of The Black Sun
 65055 | Zot:2    | XOM: enchant monster (bad)
 65097 | Zot:2    | XOM: blink monster(s)
 65132 | Zot:2    | XOM: stat loss: -1 Int (14/15)
 65421 | Zot:2    | XOM: noise
 65583 | Zot:2    | XOM: 2-stop teleportation journey
 65604 | Zot:2    | XOM: divination: detect creatures
 65886 | Zot:2    | You fall into a shaft and drop 2 floors!
 66034 | Zot:4    | XOM: 1-stop teleportation journey
 66035 | Zot:4    | XOM: enchant monster (good)
 66046 | Zot:4    | XOM: summons friendly crimson imp
 66341 | Zot:3    | Noticed Netemen's ghost (master GnFi)
 66448 | Zot:3    | XOM: god gift: 47 gold pieces {god gift}
 66454 | Zot:3    | Found a runed translucent door.
 66577 | Zot:3    | XOM: cloud trail
 66805 | Zot:3    | XOM: cast spell 'Summon Ice Beast'
 67265 | Zot:4    | XOM: butterfly on damage
 67613 | Zot:4    | XOM: cloud trail
 67631 | Zot:4    | XOM: god gift: Young Poisoner's Handbook {god gift}
 67673 | Zot:4    | XOM: give mutations
 67673 | Zot:4    | Lost mutation: Your muscles are very strong. (Str +4)
                  | [Xom's mischief]
 67673 | Zot:4    | Lost mutation: Your skin changes colour to match your
                  | surroundings (Stealth+). [Xom's mischief]
 67673 | Zot:4    | Lost mutation: You have supernaturally acute eyesight.
                  | (SInv) [Xom's mischief]
 67673 | Zot:4    | Lost mutation: Your mind is very acute. (Int +4) [Xom's
                  | mischief]
 67684 | Zot:4    | XOM: noise
 67898 | Zot:4    | Reached skill level 25 in Fighting
 68155 | Zot:5    | Entered Level 5 of the Realm of Zot
 68155 | Zot:5    | Noticed a Killer Klown
 68167 | Zot:4    | Reached skill level 1 in Throwing
 68340 | Zot:4    | Killed a Killer Klown
 68385 | Zot:5    | XOM: noise
 68390 | Zot:5    | XOM: cast spell 'Call Canine Familiar'
 68526 | Zot:5    | XOM: 1-stop teleportation journey
 68679 | Zot:5    | XOM: enchant monster (bad)
 68757 | Zot:5    | XOM: god gift: 34 gold pieces {god gift}
 68911 | Zot:5    | Reached XP level 25. HP: 247/249 MP: 24/24
 69004 | Zot:5    | Noticed an orb of fire
 69010 | Zot:5    | Reached skill level 5 in Throwing
 69014 | Zot:5    | Lost mutation: You are very agile. (Dex +4) [an orb of
                  | fire]
 69017 | Zot:5    | Killed an orb of fire
 69244 | Zot:5    | Noticed a dread lich
 69254 | Zot:5    | Paralysed by a dread lich for 6 turns
 69262 | Zot:5    | Killed a dread lich
 69305 | Zot:5    | XOM: cast spell 'Call Canine Familiar'
 69339 | Zot:5    | XOM: summons 6 friendly demons
 69342 | Zot:5    | XOM: summons 3 hostile demons
 69639 | Zot:5    | XOM: give mutations
 69639 | Zot:5    | Gained mutation: You passively map the area around you.
                  | [Xom's grace]
 69639 | Zot:5    | Gained mutation: Your spells are harder to cast, but more
                  | powerful. [Xom's grace]
 69639 | Zot:5    | Gained mutation: You passively map a large area around you.
                  | [Xom's grace]
 69660 | Zot:5    | XOM: god gift: tourmaline ring {god gift}
 69785 | Zot:5    | Noticed a Killer Klown
 69785 | Zot:5    | a Killer Klown changed into a golden dragon
 69824 | Zot:5    | Noticed an orb of fire
 69824 | Zot:5    | XOM: confuse monster(s)
 69825 | Zot:5    | Lost mutation: Your mind is acute. (Int +2) [an orb of
                  | fire]
 69827 | Zot:5    | XOM: potion effect (heal wounds)
 69828 | Zot:5    | Lost mutation: You have an increased reservoir of magic.
                  | (+10% MP) [an orb of fire]
 69830 | Zot:5    | XOM: potion effect (might)
 69830 | Zot:5    | Gained mutation: Armour fits poorly on your strangely
                  | shaped body. [an orb of fire]
 69837 | Zot:5    | Killed an orb of fire
 69856 | Zot:5    | XOM: divination: detect creatures
 69943 | Zot:5    | Noticed an ancient lich
 69959 | Zot:5    | Killed an ancient lich
 69963 | Zot:5    | XOM: cast spell 'Summon Horrible Things'
 69966 | Zot:5    | Noticed a Killer Klown
 69970 | Zot:5    | Noticed an ancient lich
 69970 | Zot:5    | Noticed a dread lich
 69970 | Zot:5    | Noticed an ancient lich
 69970 | Zot:5    | Noticed an ancient lich
 69976 | Zot:5    | Killed an ancient lich
 69980 | Zot:5    | Killed an ancient lich
 69981 | Zot:5    | Killed a dread lich
 69988 | Zot:5    | Killed an ancient lich
 69993 | Zot:5    | a Killer Klown changed into an iron troll
 70087 | Zot:5    | XOM: give mutation
 70087 | Zot:5    | Gained mutation: You expend magic power (3 MP) to
                  | strengthen your wands. [Xom's grace]
 70130 | Zot:5    | Got the Orb of Zot
 70182 | Zot:5    | XOM: give mutations
 70182 | Zot:5    | Gained mutation: Your flesh is cold resistant. (rC+) [Xom's
                  | grace]
 70182 | Zot:5    | Gained mutation: Your mind is acute. (Int +2) [Xom's grace]
 70182 | Zot:5    | Gained mutation: You are partially covered in large bone
                  | plates. (SH +4) [Xom's grace]
 70182 | Zot:5    | Gained mutation: You passively dampen the noise of your
                  | surroundings. [Xom's grace]
 70278 | Depths:4 | XOM: silly message
 70331 | Depths:3 | XOM: divination: detect items
 70461 | Depths:1 | Noticed a seraph
 70494 | D:14     | XOM: butterfly on damage
 70725 | D:5      | Reached skill level 10 in Throwing
 70841 | D:$      | Escaped with the Orb!

Illustrated notes

Levels and vault maps discovered:
D:1:      minmay_arrival_shattered_statue, layout_loops_ring,
          shapermc_ecumenical_altar_acropolis
D:2:      layout_basic, grunt_ministairs_6, minmay_hexomino_p4, uniq_robin
D:3:      layout_loops_ring, nicolae_wu_jian_immortal_techniques,
          chequers_serial_rivers_micro_d, minmay_bisected, uniq_sigmund,
          uniq_ijyb, uniq_jessica
D:4:      layout_loops_ring, zin_statuary, cheibriados_altar_1,
          mainiacjoe_overflow_24_doors, chequers_serial_rivers_large_a
D:5:      layout_basic, kennysheep_little_box, mainiacjoe_overflow_two_lobes,
          uniq_edmund, uniq_grinder
D:6:      layout_cave_pools, led_sif_book, lemuel_temple_firewalk_a
D:7:      layout_basic, minmay_misc_feat_doors, nicolae_elevator_lobby_plus,
          uniq_joseph, uniq_duvessa
D:8:      layout_loops_corners, lemuel_crystal_altar, uniq_gastronok,
          uniq_pikel, uniq_harold
D:9:      layout_loops_ring, old_standard_altar, yredelemnul_altar_generic,
          chequers_serial_rivers_micro_a, uniq_erica, uniq_grum
D:10:     layout_loops_ring, nicolae_ru_path_of_blood, grunt_qazlal_sundering,
          hiddenorc1_lemuel, uniq_snorg
D:11:     layout_roguey, dpeg_lair_monsters, gammafunk_ghost_abyssal_escape,
          minmay_the_grid_square_5x5_3x3_mashed
          [minmay_the_grid_square_5x5_one_wall,
          minmay_the_grid_square_5x5_bracketed,
          minmay_the_grid_square_5x5_spiral, minmay_the_grid_square_5x5_tie,
          minmay_the_grid_square_5x5_megaprize_hollow,
          minmay_the_grid_square_5x5_inner_v, minmay_the_grid_square_5x5_lines,
          minmay_the_grid_square_5x5_corner, minmay_the_grid_square_5x5_mess]
D:12:     layout_cave_pools
D:13:     layout_gridville, ximxim_vaults_locker_room,
          einodemon_crawler_minivault
D:14:     layout_long_grid, nicolae_gozag_cash_rules_everything_around_me,
          worms_lemuel
D:15:     gammafunk_enter_depths_forms, layout_loops_ring,
          chequers_serial_rivers_room_b, bloody_trog, uniq_jorgrun
Temple:   jpeg_temple_island
Lair:1:   layout_long_grid, lemuel_fruit_fields, serial_bayou_shore_b
Lair:2:   layout_layer_cave, gauntlet_entry_generic, serial_bayou_shore_b,
          uniq_sonja, uniq_nergalle
Lair:3:   layout_roguey [special_room_bee], elwin_shoals_entry_rooms,
          spider_nest_entry_a, portal_ice_cave_entry_ice_simulacra,
          nicolae_lair_grazing_beasts [nicolae_sub_lair_graze_edge,
          nicolae_sub_lair_graze_edge, nicolae_sub_lair_graze_edge,
          nicolae_sub_lair_graze_edge]
Lair:4:   layout_regular_city, infiniplex_staircase_pool, lemuel_fruit_fields
Lair:5:   layout_gridlike, lemuel_centaur_altar
Lair:6:   cheibrodos_lair_end_hotspot, layout_layer_cave,
          minmay_slime_entry_pillars, columned_hall_lemuel
Shoals:1: layout_shoals, serial_shops, shop
Shoals:2: layout_shoals, uniq_roxanne, uniq_polyphemus, uniq_ilsuiw
Shoals:3: layout_shoals, uniq_bai_suzhen
Shoals:4: shoals_end_grunt_garden, layout_shoals, shoals_ilsuiw_ice,
          serial_shops, shop_statue
Spider:1: layout_spider_delve
Spider:2: layout_spider_delve, nicolae_spider_undead_wolf_pack,
          hangedman_spider_tarantella_strand
Spider:3: layout_spider_delve
Spider:4: guppyfry_spider_rune
Orc:1:    layout_diamond_mine, serial_shops, shop, nicolae_orc_pool_cavern,
          hellmonk_bongcloud_opening
Orc:2:    st_orc_open, layout_caves, serial_shops,
          nicolae_shop_overgrown_old_shop
Vaults:1: v_alt_pattern_6, v_misc_18, nicolae_vaults_network_square,
          hangedman_vaults_variations, vaults_room_door_hall, v_misc_3,
          st_hourglassy, ontoclasm_vaults_ring_large, vaults_dpeg_encased_lava,
          ontoclasm_vaults_fault, vaults_dpeg_ring, layout_vaults_omnigrid,
          serial_shops, shop_statue, uniq_nikola
Vaults:2: st_more_cells, v_misc_10, hangedman_vaults_cutoff, v_misc_13,
          vaults_standard_mumra_x, nicolae_vaults_angled_halls,
          ontoclasm_vaults_loading_screen, layout_vaults_chaotic_city
Vaults:3: v_misc_8, minmay_crypt_entry_nasty_monster, nicolae_vaults_what_the_h,
          nicolae_vaults_little_squares_5, vaults_room_door_hall,
          nicolae_vaults_little_ls, v_misc_24, v_misc_3, v_rooms_3,
          ontoclasm_vaults_bender, vaults_room_semicircle, v_misc_17,
          vaults_mumra_hexcomb, st_lattice, hangedman_vaults_cutoff,
          layout_vaults_big_cross
Vaults:4: grunt_vaults_twisty, vaults_room_door_hall, v_misc_10, v_misc_25,
          v_misc_31, vaults_dpeg_hooks, vaults_room_hallway, v_rooms_4,
          v_misc_33, vaults_mumra_lcd, v_misc_17, ontoclasm_vaults_gallery,
          v_alt_pattern_4, nicolae_vaults_asterisk, layout_vaults_omnibox
Vaults:5: uniq_sojobo, uniq_margery
Depths:1: layout_long_grid, grunt_pan_entry_spiral, hell_entry,
          minmay_hedge_maze, fedhas_altar_3, uniq_aizul
Depths:2: nicolae_cairo_tiling_very_big, layout_gridlike, serial_shops, shop,
          hell_entry, pan_entry, evilmike_butchery, minmay_staircase_bubble,
          serial_bayou_shore_a
Depths:3: minmay_connected_boxes_in_corner, layout_cave_shapes,
          enter_ziggurat_f, hangedman_geh_valley, abyss_entry_flame_altar,
          hangedman_decor_push, minmay_protected_statue,
          minmay_staircase_statues_hall_large
Depths:4: grunt_zot_entry_bicorn, layout_basic, hangedman_abyss_entry_splay,
          minmay_misc_feat_tiny, hell_entry, mu_enter_wizlab_2
Zot:1:    dreamdust_black_sun_cult, layout_concentric_octagons, st_stairs_2,
          skrybe_zot_glass_2
Zot:2:    layout_gridlike, st_stairs_2
Zot:3:    layout_basic, hellmonk_ghost_happy_afterlife
Zot:4:    layout_concentric_octagons, grunt_ministairs_3
Zot:5:    layout_twisted_circle, nicolae_zot_crop_circle

Skill      XL: |  1  2  3  4  5  6  7  8  9 10 11 12 13 14 15 16 17 18 19 20 21 22 23 24 25 |
---------------+----------------------------------------------------------------------------+-----
Fighting       | 4 5 6 7 9 11 12 14 16 17 18 20 21 22 23 24 25 | 25.0
Axes           | 4 5 6 7 8 17 18 20 21 22 24 | 24.5
Armour         | 3 4 5 6 7 9 12 13 15 17 18 20 | 20.0
Dodging        | 2 3 4 5 6 8 11 12 14 15 19 | 19.0
Maces & Flails | 3 6 |  6.3
Shields        | 5 7 13 14 16 18 19 | 19.0
Long Blades    | 2 11 14 16 17 18 20 | 20.1
Slings         | 5 10 12 13 14 | 14.0
Evocations     | 7 10 | 10.0
Throwing       | 4 10 | 10.0

Action                   |  1- 3 |  4- 6 |  7- 9 | 10-12 | 13-15 | 16-18 | 19-21 | 22-24 | 25-27 || total
-------------------------+-------+-------+-------+-------+-------+-------+-------+-------+-------++-------
Melee: Hand axe          |    87 |    12 |       |       |       |       |       |       |       ||    99
       Headbutt          |     4 |    11 |    50 |   138 |   291 |   275 |   458 |   371 |    89 ||  1687
       Punch             |     1 |       |     6 |       |       |       |       |       |       ||     7
       Mace              |       |    52 |   179 |   182 |       |       |       |       |       ||   413
       Scimitar          |       |       |       |   361 |  1044 |   919 |   686 |       |       ||  3010
       Peck              |       |       |       |       |    37 |   247 |    28 |       |       ||   312
       Broad axe         |       |       |       |       |       |       |   766 |  1085 |   224 ||  2075
       Unarmed           |       |       |       |       |       |       |       |     5 |       ||     5
 Fire: Hunting sling     |    26 |    50 |    60 |   119 |   578 |    58 |       |       |       ||   891
       Fustibalus        |       |       |       |       |       |   415 |   742 |   591 |    79 ||  1827
Throw: Dart              |       |       |       |     1 |       |       |       |       |       ||     1
       Stone             |       |       |       |       |       |       |     5 |       |       ||     5
       Javelin           |       |       |       |       |       |       |       |       |     6 ||     6
Evoke: Wand              |       |       |       |       |       |       |     2 |     1 |    10 ||    13
  Use: Potion            |       |       |     3 |     4 |     2 |     4 |    10 |     3 |     6 ||    32
       Scroll            |       |       |       |    28 |     7 |     4 |     4 |    17 |       ||    60
 Stab: Paralysed         |       |       |     2 |       |     5 |       |     3 |     1 |       ||    11
       Invisible         |       |       |       |     7 |       |     2 |     7 |     2 |       ||    18
       Confused          |       |       |       |     2 |     1 |     5 |     3 |    14 |       ||    25
       Distracted        |       |       |       |       |     1 |       |     4 |     3 |       ||     8
       Sleeping          |       |       |       |       |     1 |       |     8 |       |       ||     9
       Petrified         |       |       |       |       |       |     4 |       |       |       ||     4
Armor: Leather armour    |    27 |    29 |    27 |       |       |       |       |       |       ||    83
       Acid dragon scale |       |       |    24 |       |       |       |       |       |       ||    24
       Plate armour      |       |       |    16 |   178 |       |   563 |   121 |       |       ||   878
       Ring mail         |       |       |       |   109 |   338 |    17 |       |       |       ||   464
       Storm dragon scal |       |       |       |       |       |       |   378 |     2 |       ||   380
       Gold dragon scale |       |       |       |       |       |       |       |   446 |    92 ||   538
Dodge: Dodged            |    60 |    52 |    96 |   265 |   578 |   434 |   782 |   565 |   109 ||  2941
Block: Buckler           |       |       |       |   119 |   194 |       |       |       |       ||   313
       Kite shield       |       |       |       |       |   117 |   823 |  1243 |  1003 |   209 ||  3395
       Reflection        |       |       |       |       |       |       |    33 |    29 |     9 ||    71
